 Dungeon Crawl Stone Soup version 0.28.0-43-g3370ac3207 (webtiles) character file.

Game seed: 4006570238983400822

20 pkoi the Gusty (level 2, 0/17 HPs)
             Began as an Octopode Air Elementalist on Mar 17, 2022.
             Succumbed to an adder's poison
             ... on level 1 of the Dungeon.
             The game lasted 00:01:15 (2023 turns).

pkoi the Gusty (Octopode Air Elementalist)          Turns: 2023, Time: 00:01:16

Health: 0/17       AC:  1    Str:  7    XL:     2   Next: 79%
Magic:  1/5        EV: 13    Int: 17    God:
Gold:   34         SH:  0    Dex: 12    Spells: 4/5 levels left

rFire   . . .      SeeInvis .   a - +0 mace
rCold   . . .      Faith    .   (no shield)
rNeg    . . .      Spirit   .   (helmet restricted)
rPois   .          Reflect  .   (no amulet)
rElec   .          Harm     .   (no ring)
rCorr   .          Rampage  .   (no ring)
Will    .....                   (no ring)
Stlth   +++.......              (no ring)
HPRegen 0.05/turn               (no ring)
MPRegen 0.09/turn               (no ring)
                                (no ring)
                                (no ring)

@: lethally poisoned (0 -> -3)
A: almost no armour, amphibious, 8 rings, camouflage 1, gelatinous body 1,
(nimble swimmer 1), tentacles
a: no special abilities


You were on level 1 of the Dungeon.
You visited 1 branch of the dungeon, and saw 2 of its levels.

You collected 34 gold pieces.

Inventory:

Hand Weapons
 a - a +0 mace (weapon)
Missiles
 c - 3 poisoned darts
Scrolls
 b - a scroll of identify


   Skills:
 - Level 2.0 Dodging
 - Level 2.6 Stealth
 - Level 2.0 Spellcasting
 - Level 1.0 Conjurations
 + Level 4.0 Air Magic


You had 4 spell levels left.
You knew the following spells:

 Your Spells              Type           Power      Damage    Failure   Level
a - Shock                 Conj/Air       40%        1d5       7%          1

Your spell library contained the following spells:

 Spells                   Type           Power      Damage    Failure   Level
 Static Discharge         Conj/Air       10%        N/A       11%         2
 Swiftness                Air            15%        N/A       11%         3
 Airstrike                Air            7%         N/A       36%         4


Dungeon Overview and Level Annotations

Branches:
Dungeon (2/15)

Altars:

Shops:
D:1 ?


Innate Abilities, Weirdness & Mutations

You cannot wear most types of armour.
You are amphibious.
You can wear up to eight rings at the same time.
Your skin changes colour to match your surroundings (Stealth+).
Your rubbery body absorbs attacks. (AC +1, EV +1)
((You are camouflaged when in or above water. (Stealth+)))
You have tentacles for arms and can constrict up to eight enemies at once.


Message History

The adder closely misses you.
You climb upwards.
There is a stone staircase leading down here.
Unknown command.
The adder bites you.
* * * LOW HITPOINT WARNING * * *
You are poisoned.
The adder poisons you!
Aiming: Shock (safe; 7% risk of failure)
Press: ? - help, Q - select action, (/) - cycle Shift-Dir - straight line The zap hits the adder.
The adder is heavily wounded.
You feel sick. The adder bites you.
* * * LOW HITPOINT WARNING * * *
You are lethally poisoned!
The adder poisons you! The adder barely misses you.
Unknown command.
You aren't carrying any potions.
As you read the scroll labelled LOREPUTOJAT, it crumbles to dust.
It is a scroll of identify.
d - a scroll of blinking
* * * LOW HITPOINT WARNING * * *
You feel sick. The adder misses you.
Blink to where?
Press: ? - help, Dir - move target
As you read the scroll of blinking, it crumbles to dust.
* * * LOW HITPOINT WARNING * * *
You feel sick.
* * * LOW HITPOINT WARNING * * *
You feel sick.
You close the door.
* * * LOW HITPOINT WARNING * * *
You feel sick.
There is a lethal amount of poison in your body!
There is a lethal amount of poison in your body!
There is a lethal amount of poison in your body!
There is a lethal amount of poison in your body!
* * * LOW HITPOINT WARNING * * *
You feel sick.
You die...

###.#.#......######.#.##[#
#......#..........#.#.##.#
#.##...#.########.#.#.##.#
#.##...#.# #.#.#.##.#
#.###..#.########.#.#.##.#
#.###..#.......##.#.#.##.#
#......#.......##.#.#.##.#
#..............##.#.#....#
#.###..........+@.#.######
#.# #..##......####.# #.#
#..##......# #.# #.#
#...#......# #.#
#.###...#......####.#
#...#...............#
#.#.###....##########
#........S......#
....)....>.####.#


There were no monsters in sight!

Vanquished Creatures
  An endoplasm (D:1)
  6 goblins (D:1)
  3 hobgoblins (D:1)
  A quokka (D:1)
  2 bats (D:1)
  A frilled lizard (D:1)
  A kobold (D:1)
  3 rats (D:1)
18 creatures vanquished.

Notes
Turn   | Place    | Note
-------+----------+-------------------------------------------
     0 | D:1      | pkoi the Octopode Air Elementalist began the quest for the
                  | Orb.
     0 | D:1      | Reached XP level 1. HP: 11/11 MP: 3/3
   810 | D:1      | Reached XP level 2. HP: 17/17 MP: 1/5
  1682 | D:1      | Found Edewnur's Magic Scroll Emporium.
  1903 | D:1      | Reached skill level 4 in Air Magic
  2023 | D:1      | Succumbed to an adder's poison

Illustrated notes

Levels and vault maps discovered:
D:1:      dpeg_arrival_round_b, layout_basic, serial_shops,
          nicolae_shop_competitors_out_of_business
D:2:      layout_basic, basic_altar, serial_shops, nicolae_shop_window_shopping,
          nicolae_ecumenical_lake_church

Skill      XL: |  1  2 |
---------------+-------+-----
Air Magic      | 4 |  4.0
Dodging        | |  2.0
Stealth        | |  2.6
Spellcasting   | |  2.0
Conjurations   | |  1.0

Action                   || total
-------------------------++-------
Melee: Mace              ||     8
 Cast: Shock             ||    40
  Use: Scroll            ||     2
Armor: Skin              ||     2
Dodge: Dodged            ||    15
